 Dungeon Crawl Stone Soup version 0.16.2-14-g7133f4a77c (webtiles) character file.

5202 faibistes the Thaumaturge (level 10, -5/50 HPs)
             Began as a Deep Elf Wizard on Aug 15, 2022.
             Was an Elder of Sif Muna.
             Slain by a warg (15 damage)
             ... on level 7 of the Dungeon.
             The game lasted 00:34:38 (10559 turns).

faibistes the Thaumaturge (Deep Elf Wizard)        Turns: 10559, Time: 00:34:38

Health: -5/50      AC:  4    Str:  4    XL:     10   Next: 34%
Magic:  15/32      EV: 16    Int: 27    God:    Sif Muna [****..]
Gold:   371        SH:  0    Dex: 13    Spells: 6 memorised, 18 levels left

rFire  . . .     SeeInvis .     C - +10 dagger of Grandeur {pierce, rPois}
rCold  . . .     Clarity  .     A - +1 robe {MR+}
rNeg   . . .     SustAb   .     (no shield)
rPois  +         Gourm    .     b - +1 hat
rElec  .         Spirit   .     (no cloak)
rCorr  .         Warding  .     (no gloves)
rMut   .         Stasis   .     (no boots)
MR     ++...                    m - amulet of regeneration
Stlth  ++........               (no ring)
                                q - ring of poison resistance

@: about to teleport, repel missiles, very resistant to hostile enchantments,
unstealthy
A: no striking features
a: Channel Energy, Forget Spell, Renounce Religion


You were on level 7 of the Dungeon.
You worshipped Sif Muna.
Sif Muna was greatly pleased with you.
You were hungry.

You visited 2 branches of the dungeon, and saw 9 of its levels.

You collected 371 gold pieces.

Inventory:

Hand weapons
 u - the +4 dagger "Grim" {pierce, *Rage rPois rN+ Dex+5 Stlth-}
   (You took it off an orc on level 7 of the Dungeon)

   It inflicts extra damage upon your enemies.
   It affects your dexterity (+5).
   It protects you from poison.
   It protects you from negative energy.
   It may make you go berserk in combat.
   It makes you less stealthy.
 C - the +10 dagger of Grandeur (weapon) {pierce, rPois}
   (You found it on level 6 of the Dungeon)

   It inflicts extra damage upon your enemies.
   It protects you from poison.
Armour
 b - a +1 hat (worn)
 A - a +1 robe of magic resistance (worn)
Magical staves
 D - an uncursed staff of poison
Jewellery
 m - an amulet of regeneration (around neck)
 q - a ring of poison resistance (left hand)
Magical devices
 y - a wand of paralysis (0)
Scrolls
 a - a scroll of remove curse
 e - 6 scrolls of identify
 i - 2 scrolls of enchant weapon
 j - a scroll of random uselessness
 l - 2 scrolls of enchant armour
 r - 2 scrolls of teleportation
 s - 4 scrolls of magic mapping
 v - 2 scrolls of amnesia
Potions
 g - a potion of mutation
 n - 2 potions of might
 o - 3 potions of berserk rage {unknown}
 t - 4 potions of curing
 w - a potion of degeneration {unknown}
 x - a potion of agility
 z - a potion of cure mutation {unknown}
Books
 c - a book of Minor Magic

   Spells                             Type                      Level
   a - Magic Dart                     Conjuration                  1
   b - Blink                          Translocation                2
   c - Call Imp                       Summoning                    2
   d - Repel Missiles                 Charms/Air                   2
   e - Slow                           Hexes                        2
   f - Conjure Flame                  Conjuration/Fire             3
   g - Mephitic Cloud                 Conjuration/Poison/Air       3
 p - a book of Debilitation

   Spells                             Type                      Level
   a - Corona                         Hexes                        1
   b - Slow                           Hexes                        2
   c - Inner Flame                    Hexes/Fire                   3
   d - Enslavement                    Hexes                        4
   e - Cause Fear                     Hexes                        4
   f - Leda's Liquefaction            Hexes/Earth                  4
Comestibles
 d - 7 bread rations
 f - 8 chunks of flesh
 h - a royal jelly
 k - 2 meat rations
 B - a fruit
 F - 3 beef jerkies
 G - 7 slices of pizza


   Skills:
 + Level 7.8 Dodging
 - Level 2.4 Stealth
 * Level 11.1 Spellcasting
 + Level 5.8 Conjurations
 - Level 1.1 Summonings
 - Level 3.4 Translocations
 * Level 5.2 Fire Magic
 - Level 4.8 Air Magic
 - Level 3.7 Poison Magic
 * Level 5.0 Invocations
 + Level 3.5 Evocations


You had 18 spell levels left.
You knew the following spells:

 Your Spells              Type           Power        Failure   Level  Hunger
a - Magic Dart            Conj           ####         1%          1    None
b - Conjure Flame         Conj/Fire      #####...     1%          3    None
c - Call Imp              Summ           ###.....     4%          2    None
d - Blink                 Tloc           N/A          1%          2    None
e - Mephitic Cloud        Conj/Pois/Air  #####...     1%          3    None
f - Repel Missiles        Chrm/Air       ####..       1%          2    None


Dungeon Overview and Level Annotations

Branches:
Dungeon (8/15)             Temple (1/1) D:6
   Lair: D:8-11

Altars:
Ashenzari
Cheibriados
Dithmenos
Elyvilon
Fedhas
Kikubaaqudgha
Nemelex Xobeh
Okawaru
Qazlal
Sif Muna
Trog
Vehumet
Xom
Yredelemnul
Zin
The Shining One

Shops:
D:8 :%


Message History

Unknown command.
Drink which item? (? for menu, Esc to quit)
Okay, then.
Casting: Blink
Confirm with . or Enter, or press ? or * to list all spells.
You blink.
Evoke which item? (* to show all) (? for menu, Esc to quit)
Zapping:
y - a wand of paralysis {zapped: 10} (will waste charges)
Press: ? - help, Shift-Dir - straight line, f/p - warg
Aim: a warg (heavily wounded, chance 35%) Nothing appears to happen.
Evoke which item? (* to show all) (? for menu, Esc to quit)
This wand has no charges.
Unknown command.
Read which item? (? for menu, Esc to quit)
As you read the scroll of teleportation, it crumbles to dust.
You feel strangely unstable.
Drink which item? (? for menu, Esc to quit)
You feel better. The warg bites you!
You die...

*******###################
,,,,,,............P......#
,,,,,,....P.....@h.......#
≈≈≈≈≈≈≈≈≈≈≈≈≈≈≈≈≈≈≈≈≈....#
≈≈≈≈≈≈≈≈≈≈≈≈≈≈≈≈≈≈≈≈≈....#
≈≈≈≈≈≈≈≈≈≈≈≈≈h#####≈≈.h..#
,,,,,,,.......#ooo#≈≈....#
********#######.o.#≈≈....#
,,,,,,,,,',,,,#'###≈≈....#
###*******,,,,..#.≈≈≈....#
.8#,,,,,,*,,,,*##.≈≈≈....#


You could see 3 wargs, 2 orc warriors and 2 orcs.

Vanquished Creatures
  Pikel (D:4)
  An orc knight (D:7)
  A yak (D:7)
  A human (D:7)
  A hog (D:7)
  Eustachio (D:7)
  5 wargs (D:7)
  4 ice beasts
  2 sky beasts
  An orc warrior (D:7)
  2 phantoms
  An eye of draining (D:7)
  A necrophage (D:5)
  2 slaves (D:4)
  3 ogres
  A centaur (D:6)
  3 giant frogs
  Blork the orc (D:7)
  2 gnoll sergeants
  A water moccasin zombie (D:8)
  2 jellies
  3 crimson imps
  3 vampire bats (D:6)
  5 orc priests
  A wasp zombie (D:5)
  3 centaur skeletons
  Crazy Yiuf (D:3)
  9 orc wizards
  An iguana (D:6)
  6 worker ants
  2 sheep (D:7)
  Ijyb (D:4)
  The ghost of Randomanon8888 the Skirmisher, a weakling HuBe of Trog (D:4)
  Robin (D:3)
  11 gnolls
  3 adders
  A shadow imp (D:5)
  34 orcs
  11 bats
  5 bat skeletons (D:6)
  2 bat zombies
  5 giant cockroaches
  20 goblins
  20 hobgoblins
  2 jackals (D:3)
  10 kobolds
  5 quokkas
  10 giant geckos
  A giant gecko skeleton (D:6)
  2 giant gecko zombies (D:7)
  4 giant newts
  A jackal zombie (D:6)
  A quokka skeleton (D:5)
  9 rats
231 creatures vanquished.

Vanquished Creatures (collateral kills)
  A gnoll (D:1)
  A giant gecko (D:1)
  An orc (D:4)
  A goblin (D:4)
  A hobgoblin (D:3)
5 creatures vanquished.

Vanquished Creatures (others)
  A kobold (D:4)
1 creature vanquished.

Grand Total: 237 creatures vanquished

Notes
Turn   | Place    | Note
--------------------------------------------------------------
     0 | D:1      | faibistes, the Deep Elf Wizard, began the quest for the Orb.
     0 | D:1      | Reached XP level 1. HP: 10/10 MP: 6/6
   294 | D:1      | Reached XP level 2. HP: 15/15 MP: 7/10
   322 | D:1      | Learned a level 2 spell: Blink
   325 | D:1      | Learned a level 2 spell: Call Imp
   622 | D:1      | Reached skill level 5 in Spellcasting
  1130 | D:1      | Reached XP level 3. HP: 19/19 MP: 7/14
  1135 | D:1      | Learned a level 3 spell: Conjure Flame
  1139 | D:1      | Learned a level 3 spell: Mephitic Cloud
  1789 | D:2      | Found a bloodstained altar of Trog.
  1792 | D:2      | Reached XP level 4. HP: 24/24 MP: 12/17
  2186 | D:2      | You fall through a shaft for 2 floors!
  2550 | D:3      | Learned a level 2 spell: Repel Missiles
  2590 | D:3      | Reached skill level 6 in Spellcasting
  2590 | D:3      | Reached XP level 5. HP: 21/28 MP: 11/20
  2666 | D:3      | Found a shadowy altar of Dithmenos.
  3015 | D:5      | Entered Level 5 of the Dungeon
  3033 | D:4      | Noticed Randomanon8888's ghost (weakling HuBe)
  3121 | D:3      | Found a deep blue altar of Sif Muna.
  3136 | D:3      | You fall through a shaft for 2 floors!
  3228 | D:5      | Noticed an ogre
  3234 | D:5      | Killed an ogre
  3234 | D:5      | Reached XP level 6. HP: 32/32 MP: 11/22
  3333 | D:4      | Killed Randomanon8888's ghost
  3333 | D:4      | Reached skill level 5 in Dodging
  3483 | D:3      | Became a worshipper of Sif Muna the Loreminder
  3540 | D:3      | Noticed Crazy Yiuf
  3550 | D:3      | Killed Crazy Yiuf
  3613 | D:3      | Found a shattered altar of Ashenzari.
  3617 | D:3      | Noticed Robin
  3759 | D:3      | Killed Robin
  4058 | D:4      | Reached skill level 1 in Air Magic
  4431 | D:4      | Reached skill level 1 in Poison Magic
  4431 | D:4      | Reached XP level 7. HP: 36/36 MP: 18/24
  4487 | D:4      | Found a snail-covered altar of Cheibriados.
  4541 | D:4      | Noticed a slave
  4543 | D:4      | Noticed Pikel
  4558 | D:4      | Noticed a slave
  4564 | D:4      | Noticed a slave
  4564 | D:4      | Killed a slave
  4576 | D:4      | Killed a slave
  4581 | D:4      | Killed Pikel
  4581 | D:4      | Acquired Sif Muna's first power
  4581 | D:4      | Reached skill level 7 in Spellcasting
  4621 | D:4      | Noticed a freed slave
  4715 | D:5      | Noticed a sky beast
  4715 | D:5      | Noticed an ogre
  4727 | D:5      | Killed an ogre
  4727 | D:5      | Reached XP level 8. HP: 41/41 MP: 11/27
  4747 | D:5      | Killed a sky beast
  4747 | D:5      | Reached skill level 8 in Spellcasting
  4991 | D:4      | Noticed Ijyb
  5005 | D:4      | Killed Ijyb
  5005 | D:4      | Acquired Sif Muna's second power
  5630 | D:5      | Found a white marble altar of Elyvilon.
  5812 | D:5      | Noticed a phantom
  5824 | D:5      | Killed a phantom
  5982 | D:5      | Noticed a necrophage
  6002 | D:5      | Killed a necrophage
  6169 | D:5      | Reached skill level 9 in Spellcasting
  6202 | D:5      | Noticed an ice beast
  6219 | D:5      | Killed an ice beast
  7057 | D:6      | Reached XP level 9. HP: 45/45 MP: 15/29
  7125 | D:6      | Found a staircase to the Ecumenical Temple.
  7152 | D:6      | Found an iron altar of Okawaru.
  7178 | Temple   | Entered the Ecumenical Temple
  7560 | D:6      | Got a steaming dagger
  7561 | D:6      | Identified the +10 dagger of Grandeur {pierce, rPois} (You found it on level 6 of the Dungeon)
  7875 | D:6      | Reached skill level 1 in Invocations
  8174 | D:6      | Reached skill level 1 in Fire Magic
  8187 | D:6      | Found an ancient bone altar of Kikubaaqudgha.
  8191 | D:6      | Reached skill level 5 in Conjurations
  8314 | D:8      | Reached skill level 1 in Evocations
  8360 | D:7      | Noticed Blork the orc
  8383 | D:7      | Noticed Eustachio
  8383 | D:7      | Killed Blork the orc
  8534 | D:7      | Killed Eustachio
  8628 | D:8      | Found Enutz's Book Emporium.
  8754 | D:7      | Reached skill level 10 in Spellcasting
  9168 | D:7      | Acquired Sif Muna's third power
  9185 | D:7      | Reached XP level 10. HP: 50/50 MP: 21/31
  9328 | D:8      | Found Khiak's Food Boutique.
  9616 | D:7      | Noticed an orc knight
  9618 | D:7      | Noticed an orc warlord
  9619 | D:7      | Noticed an orc knight
 10007 | D:7      | Killed an orc knight
 10007 | D:7      | Reached skill level 11 in Spellcasting
 10007 | D:7      | Reached skill level 5 in Fire Magic
 10211 | D:7      | Found a glowing golden altar of the Shining One.
 10365 | D:7      | Got a polished dagger
 10366 | D:7      | Identified the +4 dagger "Grim" {pierce, *Rage rPois rN+ Dex+5 Stlth-} (You took it off an orc on level 7 of the Dungeon)
 10379 | D:7      | Reached skill level 5 in Invocations
 10554 | D:7      | HP: 2/50 [warg (16)]
 10559 | D:7      | Slain by a warg

Action                   |  1- 3 |  4- 6 |  7- 9 | 10-12 || total
-------------------------+-------+-------+-------+-------++-------
Melee: Unarmed           |       |    18 |     5 |       ||    23
       Dagger            |       |       |    32 |    29 ||    61
 Cast: Magic Dart        |    74 |   152 |   382 |   127 ||   735
       Call Imp          |     2 |     7 |       |       ||     9
       Mephitic Cloud    |     3 |    21 |    34 |    11 ||    69
       Blink             |       |     2 |     3 |     6 ||    11
       Repel Missiles    |       |     1 |       |       ||     1
       Conjure Flame     |       |     7 |    17 |     8 ||    32
Invok: Channel Energy    |       |       |     3 |     4 ||     7
Evoke: Wand              |       |       |       |     4 ||     4
  Use: Scroll            |       |    10 |       |     6 ||    16
       Potion            |       |     1 |       |     1 ||     2
 Stab: Confused          |       |       |     4 |     1 ||     5
  Eat: Chunk             |     3 |     7 |    13 |     3 ||    26
       Bread ration      |       |       |     1 |       ||     1
       Fruit             |       |       |       |     2 ||     2
